 Dungeon Crawl Stone Soup version 0.22-a0-782-g038298e (webtiles) character file.

45 Hebeh the Conjurer (level 3, 0/19 HPs)
             Began as a Deep Elf Conjurer on July 20, 2018.
             Slain by a gnoll
             ... wielding a +0 flail
              (12 damage)
             ... on level 2 of the Dungeon.
             The game lasted 00:04:11 (1442 turns).

Hebeh the Conjurer (Deep Elf Conjurer)              Turns: 1442, Time: 00:04:12

Health: 0/19       AC:  3    Str:  5    XL:     3   Next: 42%
Magic:  1/10       EV: 13    Int: 20    God:
Gold:   73         SH:  0    Dex: 15    Spells: 6/9 levels left

rFire    . . .     SeeInvis .   i - +0 short sword
rCold    . . .     Gourm    .   (no shield)
rNeg     . . .     Faith    .   a - +0 robe
rPois    .         Spirit   .   (no helmet)
rElec    .         Reflect  .   (no cloak)
rCorr    .         Harm     .   b - +0 pair of gloves
MR       .....                  (no boots)
Stlth    ++........             (no amulet)
HPRegen  0.06/turn              (no ring)
MPRegen  0.12/turn              (no ring)

@: no status effects
A: no striking features
a: no special abilities


You were on level 2 of the Dungeon.
You were not hungry.

You visited 1 branch of the dungeon, and saw 2 of its levels.

You collected 73 gold pieces.

Inventory:

Hand Weapons
 i - a +0 short sword (weapon)
Missiles
 f - 17 sling bullets
 h - 51 stones (quivered)
 k - 29 bolts
Armour
 a - a +0 robe (worn)
 b - a +0 pair of gloves (worn)
 l - a +0 buckler
Scrolls
 d - a scroll of identify {unknown}
 g - a scroll of teleportation {unknown}
 m - a scroll of remove curse
Potions
 e - 2 potions of curing {unknown}
 j - a potion of heal wounds {unknown}
Comestibles
 c - a ration
 n - 2 chunks of flesh


   Skills:
 - Level 2.4 Dodging
 - Level 2.4 Stealth
 + Level 3.9 Spellcasting
 * Level 5.3 Conjurations


You had 6 spell levels left.
You knew the following spells:

 Your Spells              Type           Power        Failure   Level  Hunger
a - Magic Dart            Conj           ####         1%          1    None
c - Searing Ray           Conj           ####..       2%          2    ##.....

Your spell library contained the following spells:

 Spells                   Type           Power        Failure   Level  Hunger
 Iskenderun's Mystic Bla  Conj           ####....     14%         4    ####...
 Fulminant Prism          Conj/Hex       ##........   38%         4    ####...
 Dazzling Spray           Conj/Hex       ##....       13%         3    ###....
 Force Lance              Conj/Tloc      ##......     38%         4    ####...


Dungeon Overview and Level Annotations

Branches:
Dungeon (2/15)

Altars:


Message History

Press: ? - help, Shift-Dir - straight line, f/p - gnoll
Aim: a gnoll, wielding a club (severely wounded)
The magic dart hits the gnoll.
You kill the gnoll!
Casting: Magic Dart (safe; 1% risk of failure)
Confirm with . or Enter, or press ? or * to list all spells.
Aiming: Magic Dart (safe; 1% risk of failure)
Press: ? - help, Shift-Dir - straight line, f - gnoll
Aim: a gnoll, wielding a flail The magic dart hits the gnoll.
The gnoll is lightly wounded.
Casting: Magic Dart (safe; 1% risk of failure)
Confirm with . or Enter, or press ? or * to list all spells.
You don't have enough magic to cast that spell.
You tear a large gash into the net.
You struggle against the net.
You struggle against the net.
The gnoll hits you with a flail!
You rip the net and break free!
The gnoll hits you with a flail!
Ouch! That really hurt!
You die...

###.# ##### #.....##.....#
#.# ....####...#
##...###.###.###.#
###........# ##.## #.#
#.....#
######...#####.####.###.#####
##.........).......#
########.########## #.# #.#
#@# #g# #.# #.# #.#
#...<>...†...g #.##>....#.###
##$..## ##.##


You could see a gnoll.

Vanquished Creatures
  2 gnolls (D:2)
  An ooze (D:2)
  A dart slug (D:1)
  3 goblins
  2 hobgoblins
  4 jackals (D:1)
  A bat (D:2)
  A frilled lizard (D:1)
  A kobold (D:1)
  5 rats
21 creatures vanquished.

Notes
Turn   | Place    | Note
-------+----------+-------------------------------------------
     0 | D:1      | Hebeh the Deep Elf Conjurer began the quest for the Orb.
     0 | D:1      | Reached XP level 1. HP: 10/10 MP: 6/6
   347 | D:1      | Reached XP level 2. HP: 15/15 MP: 6/8
   993 | D:2      | Reached skill level 5 in Conjurations
  1369 | D:2      | Reached XP level 3. HP: 18/19 MP: 3/10
  1373 | D:2      | Learned a level 2 spell: Searing Ray
  1442 | D:2      | Slain by a gnoll

Vault maps used:
D:1:      elethiomel_arrival_maze, minmay_misc_feat_chi, minmay_door_square
D:2:      lemuel_round_altar, kennysheep_cross_room

Skill      XL: |  1  2 |
---------------+-------+-----
Conjurations   | 5 |  5.3
Dodging        | |  2.4
Stealth        | |  2.4
Spellcasting   | |  3.9

Action                   || total
-------------------------++-------
 Cast: Magic Dart        ||    50
  Use: Scroll            ||     2
  Eat: Chunk             ||     1
Dodge: Dodged            ||     2

Table legend:
 A = Spawn XP
 B = Non-spawn XP
 C = Spawn XP percentage of total XP
 D = Spawn monster count
 E = Non-spawn monster count
 F = Spawn count percentage of total count
 G = Total turns spent on level
                    A         B        C        D         E        F      G
               +---------+---------+-------+---------+---------+-------+---------
         Total |       0 |      65 |   0.0 |       0 |      21 |   0.0 |  1442
               +---------+---------+-------+---------+---------+-------+---------
           D:1 |       0 |      24 |   0.0 |       0 |      14 |   0.0 |   988
           D:2 |       0 |      41 |   0.0 |       0 |       7 |   0.0 |   454
               +---------+---------+-------+---------+---------+-------+---------
